 Dungeon Crawl Stone Soup version 0.29-a0-414-g5075937ec3 (webtiles) character file.

Game seed: 667206327591201487

77 purpskrrrp the Skirmisher (level 3, -5/31 HPs)
             Began as a Demigod Wanderer on May 16, 2022.
             Slain by a river rat (8 damage)
             ... on level 3 of the Dungeon.
             The game lasted 00:09:27 (2414 turns).

purpskrrrp the Skirmisher (Demigod Wanderer)        Turns: 2414, Time: 00:09:28

Health: -5/31      AC:  4    Str: 18    XL:     3   Next: 92%
Magic:  7/7        EV: 11    Int: 12    God:
Gold:   125        SH:  0    Dex: 14    Spells: 3/4 levels left

rFire   . . .      SeeInvis .   l - +0 battleaxe (vorpal)
rCold   . . .      Faith    +   (shield currently unavailable)
rNeg    + . .      Spirit   .   d - +0 leather armour
rPois   .          Reflect  .   (no helmet)
rElec   .          Harm     .   (no cloak)
rCorr   .          Rampage  .   b - +0 pair of gloves
Will    .....                   (no boots)
Stlth   +.........              g - amulet of faith
HPRegen 0.10/turn               q - ring of positive energy
MPRegen 0.10/turn               (no ring)

@: no status effects
A: high MP 1, forlorn, divine attributes
a: no special abilities


You were on level 3 of the Dungeon.
You visited 1 branch of the dungeon, and saw 3 of its levels.

You collected 125 gold pieces.

Inventory:

Hand Weapons
 a - a +0 mace
 l - a +0 vorpal battleaxe (weapon)
Armour
 b - a +0 pair of gloves (worn)
 d - a +0 leather armour (worn)
Magical Staves
 i - a staff of air
Jewellery
 g - an amulet of faith (around neck)
 q - a ring of positive energy (left hand)
 t - a +4 ring of protection
Scrolls
 c - 2 scrolls of blinking
 e - 3 scrolls of identify {unknown}
 f - 2 scrolls of noise {unknown}
 h - 4 scrolls of enchant weapon {unknown}
 j - a scroll of acquirement {unknown}
 k - 3 scrolls of teleportation {unknown}
 m - a scroll of enchant armour {unknown}
 r - a scroll of magic mapping {unknown}
Potions
 n - 2 potions of curing {unknown}
 o - 2 potions of berserk rage {unknown}
 p - a potion of mutation {unknown}
 s - a potion of attraction {unknown}
 u - a potion of heal wounds {unknown}


   Skills:
 + Level 3.2 Fighting
 + Level 1.3(1.9) Axes
 + Level 2.0(2.3) Maces & Flails
 + Level 0.2(1.2) Staves
 + Level 1.5 Armour
 + Level 1.4 Dodging
 + Level 0.2 Stealth
 + Level 1.2 Spellcasting
 + Level 2.0 Transmutations


You had 3 spell levels left.
You knew the following spells:

 Your Spells              Type           Power      Damage    Failure   Level
a - Sting                 Tmut/Pois      12%        1d3       24%         1

Your spell library contained the following spells:

 Spells                   Type           Power      Damage    Failure   Level
 Beastly Appendage        Tmut           10%        N/A       16%         1
 Pain                     Necr           0%         1d4       34%         1
 Ice Form                 Ice/Tmut       3%         N/A       93%         4
 Agony                    Necr           0%         N/A       100%        5
 Excruciating Wounds      Necr           0%         N/A       100%        5


Dungeon Overview and Level Annotations

Branches:
Dungeon (3/15)

Shops:
D:2 [   D:3 ?

Annotations:
D:3 1 runed translucent door, jlumianski's ghost, amateur DsFi


Innate Abilities, Weirdness & Mutations

You have an increased reservoir of magic. (+10% MP)
You shall have no god before yourself.
Your divine heritage dramatically boosts your attributes as you level up.


Message History

You kill the bat!
A rat comes into view.
A ball python and 2 giant cockroaches come into view.
A ball python and 2 river rats come into view.
The ball python hisses angrily.
The giant cockroach waves its antennae.
The ball python hisses angrily.
You hit the giant cockroach.
You kill the giant cockroach!
You hit the rat.
You kill the rat!
You hit the giant cockroach. The giant cockroach misses you.
The giant cockroach bites you but does no damage.
The ball python bites you. The ball python grabs you.
The ball python constricts you.
You closely miss the ball python. You hit the giant cockroach.
You kill the giant cockroach!
The ball python barely misses you. The ball python constricts you.
The ball python bites you. x2; The ball python constricts you.
You completely miss the ball python. You hit the river rat.
You barely miss the ball python.
You hear the brisk rusting of a drain.
The ball python bites you but does no damage.
The ball python bites you. The ball python constricts you.
The river rat closely misses you. The ball python bites you.
The river rat bites you but does no damage.
The river rat bites you. The ball python barely misses you.
The ball python constricts you.
You slash the ball python!
You kill the ball python!
You hit the river rat. You closely miss the ball python.
You closely miss the river rat. The ball python bites you.
The ball python completely misses you. The ball python barely misses you.
The ball python misses you. The river rat bites you.
The river rat bites you but does no damage.
The river rat attacks as you move away! The river rat bites you!
* * * LOW HITPOINT WARNING * * *
The ball python barely misses you. The ball python closely misses you.
The river rat attacks as you move away! The river rat bites you!
You die...

######
+≈.≈.#
+≈≈..##
#≈≈≈..#
#####≈≈...#
#≈≈≈≈≈≈...#
#≈≈≈...†..#
#≈.≈..†.r.#
#......rS@#
#########.#
#.# #.# #.#
#.# #.# #.#
#.#


You could see 2 river rats and a ball python.

Vanquished Creatures
  An adder (D:2)
  A worm (D:2)
  4 dart slugs
  7 endoplasms
  5 giant cockroaches
  3 goblins
  6 hobgoblins
  2 quokkas (D:2)
  5 ball pythons
  8 bats
  A frilled lizard (D:3)
  2 kobolds
  9 rats
54 creatures vanquished.

Notes
Turn   | Place    | Note
-------+----------+-------------------------------------------
     0 | D:1      | purpskrrrp the Demigod Wanderer began the quest for the
                  | Orb.
     0 | D:1      | purpskrrrp set off with the following items: a +0 mace, a
                  | +0 pair of gloves, a scroll of blinking, a +0 leather
                  | armour; and the following spells available to memorise:
                  | Beastly Appendage, Sting, Ice Form
     0 | D:1      | Reached XP level 1. HP: 18/18 MP: 4/4
     2 | D:1      | Learned a level 1 spell: Sting
   257 | D:1      | Reached skill level 3 in Fighting
   358 | D:1      | Reached XP level 2. HP: 24/26 MP: 5/5
  1062 | D:2      | Found Ematodiff's Antique Armour Emporium.
  1150 | D:2      | Reached XP level 3. HP: 31/31 MP: 7/7
  1679 | D:2      | Reached skill level 1 in Axes
  2159 | D:3      | Found a runed translucent door.
  2159 | D:3      | Noticed jlumianski's ghost (amateur DsFi)
  2231 | D:3      | Found Epeseuna's Magic Scroll Shoppe.
  2414 | D:3      | Slain by a river rat

Illustrated notes

Levels and vault maps discovered:
D:1:      wheals_arrival_linesprint, layout_rooms
D:2:      layout_basic, serial_shops, shop
D:3:      layout_rooms, gammafunk_ghost_grave, portal_sewer_entry_e,
          serial_shops, nicolae_shop_temple_entry_statues_fountains,
          hangedman_decor_points

Skill      XL: |  1  2  3 |
---------------+----------+-----
Fighting       | 3 |  3.2
Maces & Flails | 2 |  2.0
Transmutations | 2 |  2.0
Axes           | 1 |  1.3
Staves         | |  0.2
Armour         | |  1.5
Dodging        | |  1.4
Stealth        | |  0.2
Spellcasting   | |  1.2

Action                   || total
-------------------------++-------
Melee: Mace              ||    40
       Staff             ||    19
       Battleaxe         ||    91
 Cast: Sting             ||     2
 Stab: Sleeping          ||     1
Armor: Leather armour    ||   106
Dodge: Dodged            ||   149

Table legend: (Time is in decaauts)
 A = Elapsed time spent in this place.
 B = Non-inter-level travel time spent in this place.
 C = Inter-level travel time spent in this place.
 D = Time resting spent in this place.
 E = Time spent auto-exploring this place.
 F = Levels seen in this place.
 G = Mean time per level.
                   A        B        C        D        E       F      G
               +--------+--------+--------+--------+--------+-----+--------+
         Total |   2484 |   2100 |    384 |      0 |   1595 |   3 |  828.0 |
       Dungeon |   2484 |   2100 |    384 |      0 |   1595 |   3 |  828.0 |
               +--------+--------+--------+--------+--------+-----+--------+

Top non-repeatable levels by time:
     D:2: 1138 daAuts
     D:1: 988 daAuts
     D:3: 357 daAuts
